 Dungeon Crawl Stone Soup version 0.21.1-1-g345015fe64 (webtiles) character file.

1177 Beodren the Cudgeler (level 8, -2/71 HPs)
             Began as a Minotaur Fighter on Apr 23, 2018.
             Slain by a killer bee (3 damage)
             ... on level 5 of the Dungeon.
             The game lasted 00:10:35 (3135 turns).

Beodren the Cudgeler (Minotaur Fighter)             Turns: 3135, Time: 00:10:36

Health: -2/71      AC: 20    Str: 22    XL:     8   Next: 18%
Magic:  7/7        EV:  5    Int:  5    God:
Gold:   285        SH: 11    Dex: 11    Spells: 7/7 levels left

rFire    . . .     SeeInvis .   k - +0 flail (protect)
rCold    . . .     Gourm    .   c - +0 shield
rNeg     . . .     Faith    .   h - +0 plate armour
rPois    .         Spirit   .   (helmet restricted)
rElec    .         Reflect  .   (no cloak)
rCorr    .         Harm     .   (no gloves)
MR       .....                  d - +0 pair of boots
Stlth    ..........             (no amulet)
HPRegen  0.21/turn              (no ring)
MPRegen  0.10/turn              (no ring)

@: lethally poisoned (-2 -> -4), protection aura
A: retaliatory headbutt, horns 2
a: no special abilities


You were on level 5 of the Dungeon.
You were near starving.

You visited 1 branch of the dungeon, and saw 5 of its levels.

You collected 285 gold pieces.

Inventory:

Hand Weapons
 a - a +0 flail
 k - a +0 flail of protection (weapon)
Armour
 b - a +0 scale mail
 c - a +0 shield (worn)
 d - a +0 pair of boots (worn)
 h - a +0 plate armour (worn)
Jewellery
 l - a cursed -3 ring of evasion {unknown}
 u - an uncursed ring of protection from fire {unknown}
Wands
 t - a wand of digging (14)
Scrolls
 e - 9 scrolls of identify {unknown}
 g - 4 scrolls of enchant weapon {unknown}
 m - 2 scrolls of random uselessness {unknown}
 n - a scroll of magic mapping {unknown}
 p - 2 scrolls of noise {unknown}
 q - 3 scrolls of remove curse {unknown}
 s - a scroll of blinking {unknown}
Potions
 i - a potion of flight {unknown}
 j - 3 potions of curing {unknown}
 o - a potion of cancellation {unknown}
 r - a potion of heal wounds {unknown}
 v - a potion of invisibility {unknown}
Comestibles
 f - 12 rations


   Skills:
 * Level 6.4 Fighting
 + Level 7.8 Maces & Flails
 + Level 5.5 Armour
 + Level 6.9 Shields


You had 7 spell levels left.
You didn't know any spells.

Dungeon Overview and Level Annotations

Branches:
Dungeon (5/15)
 Temple: D:4-7

Altars:
Makhleb
Nemelex Xobeh
Okawaru
Sif Muna
Zin

Shops:
D:5 [


Innate Abilities, Weirdness & Mutations

You reflexively headbutt those who attack you in melee.
You have a pair of horns on your head.


Message History

The killer bee stings you but does no damage.
You miss the killer bee. Your headbutt misses the killer bee.
The killer bee is moderately wounded.
* * * LOW HITPOINT WARNING * * *
You feel sick. You block the killer bee's attack.
The killer bee stings you but does no damage. x2
You hit the killer bee but do no damage.
The killer bee is moderately wounded.
The killer bee stings you but does no damage. x2
You closely miss the killer bee.
The killer bee is moderately wounded.
* * * LOW HITPOINT WARNING * * *
You feel sick.
The killer bee stings you but does no damage. x2
Your plate armour prevents you from hitting the killer bee.
You headbutt the killer bee!
The killer bee is almost dead.
* * * LOW HITPOINT WARNING * * *
You feel sick. The killer bee stings you.
You die...

......... ..... <.%....
....).... ##o... .......
........ ....# ....... .....###
#..# .....y. ....##
#..#####....... .....#
#..)#...$....# .....#
##.#.........(.
.....#############Z{..........#
..........))....@yy#..##.#....#
..........###########.##..#####
.)).#####....# #..##.# ...##
####... ##..#.. ...# ## #.....
.### ..#### .# #.. .# ##


You could see 2 killer bees and a leopard gecko zombie.

Vanquished Creatures
  A water moccasin (D:5)
  An ice beast (D:5)
  2 ogres (D:4)
  The ghost of Knicklaso the Grave Robber, an amateur HONe of Beogh (D:3)
  A centaur (D:5)
  A big kobold (D:5)
  4 killer bees (D:5)
  A crimson imp (D:2)
  3 hounds (D:4)
  A bullfrog skeleton (D:5)
  An iron imp (D:4)
  2 worker ants
  A hound skeleton (D:5)
  6 adders
  A gnoll (D:1)
  An ooze (D:4)
  5 worms
  3 dart slugs
  3 orcs
  8 bats
  2 giant cockroaches
  5 goblins
  6 hobgoblins
  10 jackals
  15 kobolds
  2 quokkas
  5 frilled lizards
  7 rats
99 creatures vanquished.

Notes
Turn   | Place    | Note
-------+----------+-------------------------------------------
     0 | D:1      | Beodren the Minotaur Fighter began the quest for the Orb.
     0 | D:1      | Reached XP level 1. HP: 19/19 MP: 0/0
    86 | D:1      | Reached XP level 2. HP: 26/27 MP: 1/1
   413 | D:1      | Reached skill level 3 in Maces & Flails
   413 | D:1      | Reached XP level 3. HP: 20/33 MP: 2/2
   969 | D:2      | Reached XP level 4. HP: 32/40 MP: 3/3
   974 | D:2      | Reached skill level 4 in Maces & Flails
  1166 | D:2      | Found an iron altar of Okawaru.
  1186 | D:2      | Found an iron altar of Okawaru.
  1532 | D:3      | Noticed Knicklaso's ghost (amateur HONe)
  1551 | D:3      | Killed Knicklaso's ghost
  1551 | D:3      | Reached XP level 5. HP: 44/47 MP: 4/4
  1561 | D:3      | Found a deep blue altar of Sif Muna.
  1695 | D:3      | Reached skill level 5 in Maces & Flails
  1723 | D:3      | Found a sparkling altar of Nemelex Xobeh.
  1825 | D:3      | Found a glowing silver altar of Zin.
  2349 | D:4      | Reached skill level 5 in Shields
  2384 | D:4      | Reached XP level 6. HP: 55/55 MP: 5/5
  2388 | D:4      | Reached skill level 5 in Fighting
  2655 | D:4      | Found a burning altar of Makhleb.
  2682 | D:4      | Reached skill level 6 in Maces & Flails
  2690 | D:4      | Reached XP level 7. HP: 61/61 MP: 6/6
  2699 | D:4      | Reached skill level 5 in Armour
  2803 | D:5      | Entered Level 5 of the Dungeon
  2938 | D:5      | Found Igaqeb's Antique Armour Boutique.
  2998 | D:5      | Reached skill level 7 in Maces & Flails
  3091 | D:5      | Reached XP level 8. HP: 70/70 MP: 7/7
  3129 | D:5      | HP: 3/71 [poisoned by a killer bee]
  3134 | D:5      | HP: 1/71 [poisoned by a killer bee]
  3135 | D:5      | Slain by a killer bee

Skill      XL: |  1  2  3  4  5  6  7 |
---------------+----------------------+-----
Armour         | 4 5 |  5.5
Shields        | 4 5 6 |  6.9
Fighting       | 4 5 6 |  6.4
Maces & Flails | 3 4 5 6 7 |  7.8

Action                   |  1- 3 |  4- 6 |  7- 9 || total
-------------------------+-------+-------+-------++-------
Melee: Flail             |    97 |   127 |   120 ||   344
       Headbutt          |    10 |    25 |    15 ||    50
  Use: Potion            |       |     1 |       ||     1
  Eat: Chunk             |       |     6 |       ||     6
Armor: Scale mail        |    21 |       |       ||    21
       Plate armour      |    58 |    97 |    85 ||   240
Dodge: Dodged            |    24 |    31 |    20 ||    75
Block: Shield            |    67 |    82 |    81 ||   230
